 Dungeon Crawl Stone Soup version 0.19.4 (webtiles) character file.

112 LORDOFBUTT the Sneak (level 4, -2/21 HPs)
             Began as a Spriggan Enchanter on Feb 4, 2017.
             Slain by a gnoll
             ... wielding a +0 halberd
              (8 damage)
             ... on level 3 of the Dungeon.
             The game lasted 00:03:29 (2931 turns).

LORDOFBUTT the Sneak (Spriggan Enchanter)           Turns: 2931, Time: 00:03:30

Health: -2/21      AC:  7    Str:  5    XL:     4   Next: 64%
Magic:  2/11       EV: 21    Int: 16    God:
Gold:   91         SH:  0    Dex: 16    Spells: 2 memorised, 8 levels left

rFire  . . .     SeeInvis +     k - +2 dagger (venom)
rCold  . . .     Gourm    .     b - +1 robe
rNeg   . . .     Faith    .     (shield restricted)
rPois  .         Spirit   .     (helmet restricted)
rElec  .         Reflect  .     (no cloak)
rCorr  .         Harm     .     (gloves unavailable)
MR     .....                    (boots unavailable)
Stlth  ++........               (no amulet)
                                a - +3 ring of evasion
                                e - +4 ring of protection

@: very slightly contaminated, glowing, very quick
A: unfitting armour, see invisible, herbivore 3, speed 3, slow metabolism 2
a: no special abilities


You were on level 3 of the Dungeon.
You were not hungry.

You visited 1 branch of the dungeon, and saw 3 of its levels.

You collected 91 gold pieces.

Inventory:

Hand Weapons
 k - a +2 dagger of venom (weapon)
Armour
 b - a +1 robe (worn)
Jewellery
 a - a +3 ring of evasion (right hand)
 e - a +4 ring of protection (left hand)
 v - an uncursed ring of resist corrosion {unknown}
Scrolls
 f - a scroll of immolation
 g - a scroll of blinking
 h - a scroll of fear
 j - 5 scrolls of remove curse
 l - 3 scrolls of enchant weapon {unknown}
 o - a scroll of recharging {unknown}
 q - 3 scrolls of amnesia {unknown}
 r - a scroll of noise {unknown}
 s - a scroll of magic mapping {unknown}
Potions
 i - 4 potions of curing
 n - a potion of mutation
 p - a potion of haste {unknown}
 t - a potion of flight {unknown}
 u - a potion of agility {unknown}
Books
 c - a book of Maledictions

   Spells                             Type                      Level
   a - Corona                         Hexes                        1
   b - Ensorcelled Hibernation        Hexes/Ice                    2
   c - Confuse                        Hexes                        3
   d - Tukima's Dance                 Hexes                        3
   e - Dazzling Spray                 Conjuration/Hexes            3
Comestibles
 d - 4 bread rations
 m - a royal jelly


   Skills:
 + Level 2.0 Short Blades
 - Level 3.0 Dodging
 + Level 5.3 Stealth
 * Level 4.2 Spellcasting
 * Level 4.7 Hexes
 + Level 0.0 Ice Magic


You had 8 spell levels left.
You knew the following spells:

 Your Spells              Type           Power        Failure   Level  Hunger
a - Corona                Hex            ###....      2%          1    None
b - Ensorcelled Hibernat  Hex/Ice        ##....       12%         2    ##.....


Dungeon Overview and Level Annotations

Branches:
Dungeon (3/15)

Altars:
Elyvilon


Innate Abilities, Weirdness & Mutations

You are very small and have problems with some larger weapons.
You are too small for most types of armour.
You have supernaturally acute eyesight. (SInv)
You are a herbivore.
You cover ground extremely quickly.
You need consume almost no food.


Message History

The gnoll is healed somewhat.
The gnoll misses you.
You hit the gnoll shaman but do no damage.
The gnoll shaman is poisoned.
The gnoll barely misses you.
The gnoll shaman calls upon its god to heal the gnoll.
The gnoll's wounds heal themselves!
The rat twitches its whiskers.
The gnoll looks more healthy.
The gnoll shaman calls down the wrath of its god upon you.
You are outlined in light.
The gnoll shaman looks more healthy.
The gnoll barely misses you. The gnoll shaman hits you with a whip.
You barely miss the gnoll shaman.
The gnoll shaman is almost dead.
The gnoll hits you from afar with a halberd!
* * * LOW HITPOINT WARNING * * *
The gnoll shaman misses you.
You closely miss the gnoll shaman.
The gnoll shaman is almost dead.
The gnoll hits you from afar with a halberd!
You die...

### ########### ..# #..........
#.# #.#.....##. #†# #.#.....##.
#(###################.#.....##.
#rg..g.r..gggg@................
#.###################.#.#.####.
#.# #...#+####. #g# #.#........
#g# ###.#.......#


grg .............+ .g... ####.#.......# ......# #.#.#...... ....... #.#.#......
You could see a gnoll shaman, 3 gnolls and a rat.

Vanquished Creatures
  5 gnolls
  2 worms (D:2)
  2 dart slugs
  A leopard gecko (D:2)
  9 bats
  5 goblins
  7 hobgoblins
  2 jackals (D:3)
  4 frilled lizards
  8 kobolds
  11 rats
56 creatures vanquished.

Notes
Turn   | Place    | Note
-------+----------+-------------------------------------------
     0 | D:1      | LORDOFBUTT the Spriggan Enchanter began the quest for the Orb.
     0 | D:1      | Reached XP level 1. HP: 9/9 MP: 5/5
   433 | D:1      | Reached XP level 2. HP: 9/13 MP: 7/7
   464 | D:1      | Learned a level 2 spell: Ensorcelled Hibernation
   938 | D:1      | Reached skill level 5 in Stealth
  1037 | D:1      | Reached XP level 3. HP: 10/16 MP: 3/8
  1595 | D:2      | Reached XP level 4. HP: 14/21 MP: 8/10
  1859 | D:2      | Found a white marble altar of Elyvilon.
  2931 | D:3      | Slain by a gnoll

Skill      XL: |  1  2  3  4 |
---------------+-------------+-----
Spellcasting   | 3 4 |  4.2
Stealth        | 5 |  5.3
Hexes          | 4 |  4.7
Short Blades   | 2 |  2.0
Dodging        | |  3.0

Action                   |  1- 3 |  4- 6 || total
-------------------------+-------+-------++-------
Melee: Dagger            |   119 |    56 ||   175
 Cast: Ensorcelled Hiber |     7 |     3 ||    10
  Use: Scroll            |     3 |     3 ||     6
 Stab: Sleeping          |    10 |     7 ||    17
Armor: Robe              |    18 |     7 ||    25
Dodge: Dodged            |   111 |    47 ||   158
